Canadiens vs Bruins
Created - March 29, 2018 at 23:57
Goals
|
Canadiens |
1 |
1 |
2 |
4 |
Bruins |
2 |
1 |
0 |
3 |
|
Shots
|
Canadiens |
6 |
14 |
11 |
31 |
Bruins |
13 |
8 |
9 |
30 |
|
1st period
1. Bruins , Wojtek Wolski 37 (Cam Fowler 17) at 4:43
2. Bruins , Kris Chucko 11 (Rene Bourque 8, Dave Bolland 20) at 9:58
3. Canadiens , Sidney Crosby 43 (Patrick Sharp 54) at 13:54
Penalties :
No Penalty
2nd period
4. Bruins , Mike Fisher 9 (Nathan Horton 28, Viktor Stalberg 18) at 14:38 (PP)
5. Canadiens , Sidney Crosby 44 (Evgeny Dadonov 22, Dennis Wideman 19) at 17:52
Penalties :
Greg Stewart (Mon) for Hooking (Minor) at 4:09, Kris Chucko (Bos) for Boarding (Major) at 9:19, Wes O'Neill (Mon) for Hooking (Minor) at 14:07, Karl Alzner (Mon) for Hooking (Minor) at 17:53
3rd period
6. Canadiens , Ladislav Nagy 3 (David Jones 13, Luke Schenn 27) at 12:46
7. Canadiens , Patrick Sharp 25 (Evgeny Dadonov 23, Sidney Crosby 66) at 14:43 (PP)
Penalties :
Karl Alzner (Mon) for Cross-checking (Minor) at 5:02, Wes O'Neill (Mon) for Holding (Minor) at 10:12, Nikolai Zherdev (Bos) for Hooking (Minor) at 13:59
Goalie Stats
Jonathan Bernier (Mon), 27 saves from 30 shots - (0.900), W, 33-22-2, 60:00 minutes
Kevin Poulin (Bos), 27 saves from 31 shots - (0.871), L, 20-24-5, 59:08 minutes
Players Stats for Canadiens
Player Name G A P +/- PIM S H SB GA TA FO MP PP MP PK MP
------------------------------------------------------------------------------------
Adam Pardy 0 0 0 1 0 0 0 1 0 0 0/0 16:17 0:36 5:27
Brett Maclean 0 0 0 -1 0 2 1 0 0 1 0/0 10:13 0:00 0:00
Cal Clutterbuck 0 0 0 -1 0 1 5 1 1 1 1/1 15:52 1:11 4:29
David Jones 0 1 1 0 0 1 2 0 0 0 0/0 9:49 1:04 1:37
Dennis Wideman 0 1 1 1 0 2 3 1 1 0 0/0 24:15 2:00 1:09
Dustin Boyd 0 0 0 -1 0 1 0 0 0 0 4/6 14:17 1:36 2:21
Evgeny Dadonov 0 2 2 2 0 4 1 0 1 1 0/0 19:01 2:41 0:00
Greg Stewart 0 0 0 0 2 2 1 0 0 1 0/0 14:40 1:47 1:05
Jason Spezza 0 0 0 0 0 2 3 1 0 0 4/19 19:08 2:56 4:29
Joe Pavelski 0 0 0 0 0 1 0 1 0 0 1/1 14:15 1:47 0:00
Karl Alzner 0 0 0 -1 4 0 1 0 0 1 0/0 16:12 0:00 1:40
Ladislav Nagy 1 0 1 0 0 2 4 0 1 0 0/0 8:28 1:00 0:19
Luke Schenn 0 1 1 1 0 1 3 1 0 2 0/0 29:54 2:56 4:43
Marcel Goc 0 0 0 0 0 0 0 0 0 0 1/3 7:28 0:21 0:00
Patrick Sharp 1 1 2 2 0 3 2 1 1 2 1/1 22:07 2:41 2:12
Sidney Crosby 2 1 3 2 0 6 1 0 1 1 5/23 19:48 2:28 0:00
Vitaly Vishnevsky 0 0 0 -1 0 2 0 0 0 0 0/0 19:37 2:00 3:14
Wes O'Neill 0 0 0 1 4 1 1 0 0 1 0/0 10:07 0:35 0:19
Players Stats for Bruins
Player Name G A P +/- PIM S H SB GA TA FO MP PP MP PK MP
------------------------------------------------------------------------------------
Andrew Alberts 0 0 0 0 0 1 1 2 0 0 0/0 20:22 2:27 2:09
Cam Fowler 0 1 1 0 0 1 1 0 0 1 0/0 12:02 0:00 0:40
Dave Bolland 0 1 1 0 0 0 1 0 1 0 1/3 11:36 0:36 0:25
Henrik Sedin 0 0 0 0 0 5 1 0 3 0 22/29 22:41 4:20 2:31
Jason Demers 0 0 0 -1 0 1 2 1 1 0 0/0 27:24 5:49 2:43
Kevin Bieksa 0 0 0 0 0 1 0 2 0 0 0/0 20:17 2:27 2:09
Kris Chucko 1 0 1 0 5 3 0 0 1 1 1/1 10:56 0:29 0:00
Mike Fisher 1 0 1 0 0 2 0 0 0 0 7/12 15:46 3:19 0:00
Nate Prosser 0 0 0 0 0 0 0 1 0 0 0/0 12:02 0:00 0:40
Nathan Horton 0 1 1 0 0 1 1 1 1 3 1/1 17:16 3:22 1:24
Nick Foligno 0 0 0 -1 0 0 1 0 0 1 0/0 8:57 0:00 1:28
Nikolai Zherdev 0 0 0 -1 2 1 1 1 0 0 0/0 9:24 0:27 1:20
Rene Bourque 0 1 1 0 0 0 1 0 0 0 0/0 11:02 0:27 0:00
Shane O'Brien 0 0 0 -1 0 2 2 0 2 0 0/0 27:19 5:49 2:43
Victor Oreskovich 0 0 0 0 0 3 1 1 1 0 0/0 21:11 4:08 1:24
Viktor Stalberg 0 1 1 0 0 2 0 0 0 0 0/0 15:43 3:22 0:00
Wojtek Wolski 1 0 1 0 0 5 1 0 1 0 3/5 22:40 4:18 2:32
Zack Hamill 0 0 0 -1 0 2 0 0 0 0 2/3 7:37 0:00 0:00
3 Stars
1 - Sidney Crosby (Mon)
2 - Patrick Sharp (Mon)
3 - Evgeny Dadonov (Mon)
Power Play
Canadiens - 1 on 2 Attempt(s) - 50.00%
Bruins - 1 on 5 Attempt(s) - 20.00%
Penalty Kill
Canadiens - 4 on 5 Attempt(s) - 80.00%
- Score 0 goal in Penalty Kill
Bruins - 1 on 2 Attempt(s) - 50.00%
- Score 0 goal in Penalty Kill
Team Stat
Canadiens - Hits : 28 - Faceoff Wins : 17 - Blocked Shots : 7 - Penalty Minutes : 10
Bruins - Hits : 14 - Faceoff Wins : 37 - Blocked Shots : 9 - Penalty Minutes : 7
Official
Referees : VanMassenhoven Don and Leggo Mike
Linesman : Brian Mach and Don Henderson
Game Notes
No Game Note
Finance
Level 1 -- Attendance: 3835 (63.92%) -- Ticket Income $398,840
Level 2 -- Attendance: 3649 (72.98%) -- Ticket Income $233,536
Level 3 -- Attendance: 1825 (91.25%) -- Ticket Income $62,050
Level 4 -- Attendance: 3868 (96.70%) -- Ticket Income $92,832
Luxury Box -- Attendance: 676 (67.60%) -- Ticket Income $131,144
Game was played at the TD Banknorth Garden.
Total Attendance: 13853 (76.96%)
Total Ticket Income: $918,402
Other Income: $137,760
Total Income: $1,056,162
Canadiens
5 vs 5 Forward
Center Left Wing Right Wing Time % Phy DF OF
1 Sidney Crosby Patrick Sharp Evgeny Dadonov 40 1 2 2
2 Jason Spezza Greg Stewart Joe Pavelski 30 1 2 2
3 Dustin Boyd Brett Maclean Cal Clutterbuck 20 1 2 2
4 Marcel Goc Ladislav Nagy David Jones 10 1 2 2
5 vs 5 Defense
Defense Defense Time % Phy DF OF
1 Luke Schenn Dennis Wideman 40 1 2 2
2 Vitaly Vishnevsky Karl Alzner 30 1 2 2
3 Wes O'Neill Adam Pardy 20 1 2 2
4 Luke Schenn Dennis Wideman 10 1 2 2
PowerPlay Forward
Center Left Wing Right Wing Time % Phy DF OF
1 Sidney Crosby Patrick Sharp Evgeny Dadonov 60 1 2 2
2 Dustin Boyd Greg Stewart Joe Pavelski 40 1 2 2
PowerPlay Defense
Defense Defense Time % Phy DF OF
1 Luke Schenn Jason Spezza 60 1 2 2
2 Vitaly Vishnevsky Dennis Wideman 40 1 2 2
Penalty Kill 4 Players Forward
Center Wing Time % Phy DF OF
1 Jason Spezza Cal Clutterbuck 60 1 2 2
2 Dustin Boyd Patrick Sharp 40 1 2 2
Penalty Kill 4 Players Defense
Defense Defense Time % Phy DF OF
1 Luke Schenn Adam Pardy 60 1 2 2
2 Vitaly Vishnevsky Karl Alzner 40 1 2 2
Penalty Kill - 3 Players Forward
Forward Time % Phy DF OF
1 Sidney Crosby 60 1 2 2
2 Jason Spezza 40 1 2 2
Penalty Kill - 3 Players Defense
Defense Defense Time % Phy DF OF
1 Luke Schenn Adam Pardy 60 1 2 2
2 Vitaly Vishnevsky Karl Alzner 40 1 2 2
4 vs 4 Forward
Center Wing Time % Phy DF OF
1 Sidney Crosby Evgeny Dadonov 60 1 2 2
2 Jason Spezza Joe Pavelski 40 1 2 2
4 vs 4 Defense
Defense Defense Time % Phy DF OF
1 Luke Schenn Dennis Wideman 60 1 2 2
2 Vitaly Vishnevsky Karl Alzner 40 1 2 2
Last Minutes Offensive
Center Left Wing Right Wing Defense Defense
Sidney Crosby Patrick Sharp Joe Pavelski Luke Schenn Dennis Wideman
Last Minutes Defensive
Center Left Wing Right Wing Defense Defense
Sidney Crosby Patrick Sharp Joe Pavelski Luke Schenn Adam Pardy
Goaltenders
Starting : Jonathan Bernier
Backup : Mikael Tellqvist
Extra Forwards
Normal : Cal Clutterbuck, Dustin Boyd, David Jones - PP : Cal Clutterbuck, Dustin Boyd - PK : David Jones
Extra Defensemen
Normal : Wes O'Neill, Adam Pardy, Vitaly Vishnevsky - PP : Wes O'Neill - PK : Adam Pardy, Vitaly Vishnevsky
Penalty Shots
Sidney Crosby, Jason Spezza, Joe Pavelski, Patrick Sharp, Greg Stewart
Scratches
Andrew Ebbett (Healthy)
Bruins
5 vs 5 Forward
Center Left Wing Right Wing Time % Phy DF OF
1 Henrik Sedin Wojtek Wolski Victor Oreskovich 40 1 2 2
2 Mike Fisher Viktor Stalberg Nathan Horton 30 1 2 2
3 Dave Bolland Kris Chucko Rene Bourque 20 1 2 2
4 Zack Hamill Nick Foligno Nikolai Zherdev 10 1 2 2
5 vs 5 Defense
Defense Defense Time % Phy DF OF
1 Jason Demers Shane O'Brien 40 1 2 2
2 Andrew Alberts Kevin Bieksa 30 1 2 2
3 Nate Prosser Cam Fowler 20 1 2 2
4 Jason Demers Shane O'Brien 10 1 2 2
PowerPlay Forward
Center Left Wing Right Wing Time % Phy DF OF
1 Henrik Sedin Wojtek Wolski Victor Oreskovich 60 1 2 2
2 Mike Fisher Viktor Stalberg Nathan Horton 40 1 2 2
PowerPlay Defense
Defense Defense Time % Phy DF OF
1 Jason Demers Shane O'Brien 60 1 2 2
2 Andrew Alberts Kevin Bieksa 40 1 2 2
Penalty Kill 4 Players Forward
Center Wing Time % Phy DF OF
1 Wojtek Wolski Henrik Sedin 60 1 2 2
2 Victor Oreskovich Nathan Horton 40 1 2 2
Penalty Kill 4 Players Defense
Defense Defense Time % Phy DF OF
1 Jason Demers Shane O'Brien 60 1 2 2
2 Andrew Alberts Kevin Bieksa 40 1 2 2
Penalty Kill - 3 Players Forward
Forward Time % Phy DF OF
1 Wojtek Wolski 60 1 2 2
2 Henrik Sedin 40 1 2 2
Penalty Kill - 3 Players Defense
Defense Defense Time % Phy DF OF
1 Jason Demers Shane O'Brien 60 1 2 2
2 Andrew Alberts Kevin Bieksa 40 1 2 2
4 vs 4 Forward
Center Wing Time % Phy DF OF
1 Wojtek Wolski Henrik Sedin 60 1 2 2
2 Victor Oreskovich Nathan Horton 40 1 2 2
4 vs 4 Defense
Defense Defense Time % Phy DF OF
1 Jason Demers Shane O'Brien 60 1 2 2
2 Andrew Alberts Kevin Bieksa 40 1 2 2
Last Minutes Offensive
Center Left Wing Right Wing Defense Defense
Henrik Sedin Wojtek Wolski Victor Oreskovich Jason Demers Shane O'Brien
Last Minutes Defensive
Center Left Wing Right Wing Defense Defense
Henrik Sedin Wojtek Wolski Victor Oreskovich Jason Demers Shane O'Brien
Goaltenders
Starting : Kevin Poulin
Backup : Craig Anderson
Extra Forwards
Normal : Rene Bourque, Dave Bolland, Nikolai Zherdev - PP : Rene Bourque, Dave Bolland - PK : Nikolai Zherdev
Extra Defensemen
Normal : Nate Prosser, Cam Fowler, Andrew Alberts - PP : Nate Prosser - PK : Cam Fowler, Andrew Alberts
Penalty Shots
Wojtek Wolski, Henrik Sedin, Victor Oreskovich, Nathan Horton, Mike Fisher
Scratches
None
% Time on Ice - Canadiens
Lines # - Real PCT - Wanted PCT - Time Play
Normal Forward
1 - 36% - 40% - 16:17
2 - 26% - 30% - 11:44
3 - 22% - 20% - 10:04
4 - 15% - 10% - 6:56
Normal Defense
1 - 44% - 40% - 19:43
2 - 32% - 30% - 14:12
3 - 20% - 20% - 8:51
4 - 5% - 10% - 2:15
PP Forward
1 - 68% - 60% - 3:45
2 - 32% - 40% - 1:47
PP Defense
1 - 64% - 60% - 3:32
2 - 36% - 40% - 2:00
PK Forward
1 - 73% - 60% - 6:04
2 - 27% - 40% - 2:12
PK Defense
1 - 57% - 60% - 4:43
2 - 43% - 40% - 3:33
PK3 Forward
1 - 0% - 60%
2 - 0% - 40%
PK3 Defense
1 - 0% - 60%
2 - 0% - 40%
44 Forward
1 - 100% - 60% - 0:11
2 - 0% - 40% - 0:00
44 Defense
1 - 0% - 60% - 0:00
2 - 100% - 40% - 0:11
Last Minute Offensive - 0:00
Last Minute Defensive - 1:00
Total
Forward - 60:00
Defense - 60:00
|
% Time on Ice - Bruins
Lines # - Real PCT - Wanted PCT - Time Play
Normal Forward
1 - 33% - 40% - 14:43
2 - 27% - 30% - 12:21
3 - 23% - 20% - 10:28
4 - 17% - 10% - 7:29
Normal Defense
1 - 36% - 40% - 15:59
2 - 35% - 30% - 15:58
3 - 25% - 20% - 11:22
4 - 4% - 10% - 1:42
PP Forward
1 - 59% - 60% - 4:54
2 - 41% - 40% - 3:22
PP Defense
1 - 70% - 60% - 5:49
2 - 30% - 40% - 2:27
PK Forward
1 - 75% - 60% - 4:08
2 - 25% - 40% - 1:24
PK Defense
1 - 61% - 60% - 3:23
2 - 39% - 40% - 2:09
PK3 Forward
1 - 0% - 60%
2 - 0% - 40%
PK3 Defense
1 - 0% - 60%
2 - 0% - 40%
44 Forward
1 - 100% - 60% - 0:11
2 - 0% - 40% - 0:00
44 Defense
1 - 100% - 60% - 0:11
2 - 0% - 40% - 0:00
Last Minute Offensive - 1:00
Last Minute Defensive - 0:00
Total
Forward - 60:00
Defense - 60:00
|
Play by Play
1st period
0:01 of 1st period - Henrik Sedin wins face-off versus Sidney Crosby in neutral zone.
0:26 of 1st period - Sidney Crosby is hit by Jason Demers and loses puck.
0:54 of 1st period - Wrist shot by Jason Spezza.
0:54 of 1st period - Shot Misses the Net.
1:12 of 1st period - Slapshot by Wojtek Wolski.
1:12 of 1st period - Stopped by Jonathan Bernier without a rebound.
1:13 of 1st period - Henrik Sedin wins face-off versus Dustin Boyd in Canadiens zone.
1:16 of 1st period - Wrist shot by Victor Oreskovich.
1:16 of 1st period - Deflect By Henrik Sedin.
1:16 of 1st period - Shot Misses the Net.
1:16 of 1st period - Puck is out of play.
1:17 of 1st period - Zack Hamill wins face-off versus Marcel Goc in Canadiens zone.
1:23 of 1st period - Off-side.
1:24 of 1st period - Marcel Goc wins face-off versus Zack Hamill in neutral zone.
1:26 of 1st period - Off-side.
1:27 of 1st period - Zack Hamill wins face-off versus Marcel Goc in neutral zone.
1:54 of 1st period - Snap shot by Zack Hamill.
1:54 of 1st period - Stopped by Jonathan Bernier with a rebound.
2:02 of 1st period - Wrist shot by Ladislav Nagy.
2:02 of 1st period - Shot Hit the Post.
2:04 of 1st period - Slapshot by Wes O'Neill.
2:04 of 1st period - Deflect By Ladislav Nagy.
2:04 of 1st period - Shot Misses the Net.
2:04 of 1st period - Puck is out of play.
2:05 of 1st period - Jason Spezza wins face-off versus Henrik Sedin in Bruins zone.
2:30 of 1st period - Nathan Horton is hit by Cal Clutterbuck and loses puck.
2:50 of 1st period - Off-side.
2:51 of 1st period - Kris Chucko wins face-off versus Sidney Crosby in neutral zone.
3:04 of 1st period - Wrist shot by Kris Chucko.
3:04 of 1st period - Stopped by Jonathan Bernier without a rebound.
3:05 of 1st period - Henrik Sedin wins face-off versus Jason Spezza in Canadiens zone.
3:32 of 1st period - Nathan Horton is hit by Luke Schenn and loses puck.
4:01 of 1st period - Backhand shot by Sidney Crosby.
4:01 of 1st period - Stopped by Kevin Poulin with a rebound.
4:25 of 1st period - Slapshot by Jason Spezza.
4:25 of 1st period - Stopped by Kevin Poulin with a rebound.
4:31 of 1st period - Slapshot by Andrew Alberts.
4:31 of 1st period - Stopped by Jonathan Bernier with a rebound.
4:43 of 1st period - Snap shot by Wojtek Wolski.
4:43 of 1st period - Goal by Wojtek Wolski - Canadiens : 0 - Bruins : 1.
4:44 of 1st period - Henrik Sedin wins face-off versus Sidney Crosby in neutral zone.
4:49 of 1st period - Snap shot by Wojtek Wolski.
4:49 of 1st period - Stopped by Jonathan Bernier without a rebound.
4:50 of 1st period - Henrik Sedin wins face-off versus Sidney Crosby in Canadiens zone.
4:59 of 1st period - Snap shot by Henrik Sedin.
4:59 of 1st period - Stopped by Jonathan Bernier without a rebound.
5:00 of 1st period - Mike Fisher wins face-off versus Sidney Crosby in Canadiens zone.
5:07 of 1st period - Snap shot by Nathan Horton.
5:07 of 1st period - Shot Misses the Net.
5:17 of 1st period - Wrist shot by Patrick Sharp.
5:17 of 1st period - Stopped by Kevin Poulin with a rebound.
6:39 of 1st period - Karl Alzner is hit by Andrew Alberts and loses puck.
6:50 of 1st period - Joe Pavelski is hit by Victor Oreskovich and loses puck.
6:59 of 1st period - Snap shot by Henrik Sedin.
6:59 of 1st period - Stopped by Jonathan Bernier without a rebound.
7:00 of 1st period - Sidney Crosby wins face-off versus Mike Fisher in Canadiens zone.
7:13 of 1st period - Snap shot by Evgeny Dadonov.
7:13 of 1st period - Shot Blocked by Nathan Horton.
7:30 of 1st period - Off-side.
7:31 of 1st period - Dave Bolland wins face-off versus Dustin Boyd in neutral zone.
7:34 of 1st period - Wrist shot by Kris Chucko.
7:34 of 1st period - Shot Misses the Net.
7:36 of 1st period - Slapshot by Shane O'Brien.
7:36 of 1st period - Shot Misses the Net.
7:38 of 1st period - Slapshot by Shane O'Brien.
7:38 of 1st period - Deflect By Kris Chucko.
7:38 of 1st period - Stopped by Jonathan Bernier without a rebound.
7:39 of 1st period - Patrick Sharp wins face-off versus Henrik Sedin in Canadiens zone.
7:39 of 1st period - Patrick Sharp is hit by Shane O'Brien.
8:11 of 1st period - Mike Fisher is hit by Dennis Wideman and loses puck.
9:18 of 1st period - Wrist shot by Patrick Sharp.
9:18 of 1st period - Shot Blocked by Kevin Bieksa.
9:34 of 1st period - Wrist shot by Nathan Horton.
9:34 of 1st period - Stopped by Jonathan Bernier with a rebound.
9:58 of 1st period - Wrist shot by Kris Chucko.
9:58 of 1st period - Goal by Kris Chucko - Canadiens : 0 - Bruins : 2.
9:59 of 1st period - Henrik Sedin wins face-off versus Sidney Crosby in neutral zone.
10:16 of 1st period - Wojtek Wolski is hit by Patrick Sharp and loses puck.
10:28 of 1st period - Off-side.
10:29 of 1st period - Mike Fisher wins face-off versus Jason Spezza in neutral zone.
10:40 of 1st period - Wrist shot by Viktor Stalberg.
10:40 of 1st period - Stopped by Jonathan Bernier with a rebound.
10:58 of 1st period - Icing by Wes O'Neill.
10:59 of 1st period - Sidney Crosby wins face-off versus Henrik Sedin in Canadiens zone.
11:30 of 1st period - Snap shot by Victor Oreskovich.
11:30 of 1st period - Stopped by Jonathan Bernier with a rebound.
11:52 of 1st period - Wrist shot by Evgeny Dadonov.
11:52 of 1st period - Stopped by Kevin Poulin with a rebound.
12:33 of 1st period - Snap shot by Evgeny Dadonov.
12:33 of 1st period - Shot Blocked by Victor Oreskovich.
13:54 of 1st period - Slapshot by Sidney Crosby.
13:54 of 1st period - Goal by Sidney Crosby - Canadiens : 1 - Bruins : 2.
13:55 of 1st period - Mike Fisher wins face-off versus Jason Spezza in neutral zone.
14:20 of 1st period - Karl Alzner is hit by Dave Bolland and loses puck.
14:49 of 1st period - Snap shot by Ladislav Nagy.
14:49 of 1st period - Stopped by Kevin Poulin with a rebound.
15:17 of 1st period - Kevin Bieksa is hit by Brett Maclean and loses puck.
15:22 of 1st period - Snap shot by Dustin Boyd.
15:22 of 1st period - Shot Misses the Net.
16:12 of 1st period - Vitaly Vishnevsky is hit by Rene Bourque and loses puck.
18:35 of 1st period - Greg Stewart is hit by Shane O'Brien and loses puck.
Goals for this period are 1 for Canadiens vs 2 for Bruins.
Shots for this period are 6 for Canadiens vs 13 for Bruins.
2nd period
0:01 of 2nd period - Henrik Sedin wins face-off versus Sidney Crosby in neutral zone.
0:08 of 2nd period - Icing by Dennis Wideman.
0:09 of 2nd period - Henrik Sedin wins face-off versus Sidney Crosby in Canadiens zone.
0:46 of 2nd period - Snap shot by Dennis Wideman.
0:46 of 2nd period - Stopped by Kevin Poulin with a rebound.
0:49 of 2nd period - Icing by Jason Demers.
0:50 of 2nd period - Henrik Sedin wins face-off versus Jason Spezza in Bruins zone.
1:14 of 2nd period - Off-side.
1:15 of 2nd period - Dustin Boyd wins face-off versus Mike Fisher in neutral zone.
1:24 of 2nd period - Snap shot by Dustin Boyd.
1:24 of 2nd period - Stopped by Kevin Poulin without a rebound.
1:25 of 2nd period - Jason Spezza wins face-off versus Mike Fisher in Bruins zone.
1:28 of 2nd period - Slapshot by Jason Spezza.
1:28 of 2nd period - Stopped by Kevin Poulin without a rebound.
1:29 of 2nd period - Mike Fisher wins face-off versus Jason Spezza in Bruins zone.
1:29 of 2nd period - Mike Fisher is hit by Dennis Wideman.
1:55 of 2nd period - Evgeny Dadonov is hit by Henrik Sedin and loses puck.
2:20 of 2nd period - Wrist shot by Dustin Boyd.
2:20 of 2nd period - Shot Misses the Net.
2:22 of 2nd period - Snap shot by Brett Maclean.
2:22 of 2nd period - Stopped by Kevin Poulin with a rebound.
2:24 of 2nd period - Slapshot by Wes O'Neill.
2:24 of 2nd period - Stopped by Kevin Poulin with a rebound.
2:46 of 2nd period - Slapshot by Greg Stewart.
2:46 of 2nd period - Stopped by Kevin Poulin with a rebound.
3:06 of 2nd period - Snap shot by Kevin Bieksa.
3:06 of 2nd period - Shot Misses the Net.
3:33 of 2nd period - Wrist shot by Henrik Sedin.
3:33 of 2nd period - Shot Misses the Net.
4:09 of 2nd period - Minor Penalty to Greg Stewart for Hooking.
4:10 of 2nd period - Henrik Sedin wins face-off versus Jason Spezza in Canadiens zone.
4:13 of 2nd period - Snap shot by Henrik Sedin.
4:13 of 2nd period - Shot Blocked by Adam Pardy.
4:15 of 2nd period - Wrist shot by Victor Oreskovich.
4:15 of 2nd period - Shot Misses the Net.
4:17 of 2nd period - Snap shot by Wojtek Wolski.
4:17 of 2nd period - Shot Misses the Net.
4:21 of 2nd period - Snap shot by Henrik Sedin.
4:21 of 2nd period - Stopped by Jonathan Bernier with a rebound.
4:23 of 2nd period - Slapshot by Wojtek Wolski.
4:23 of 2nd period - Shot Misses the Net.
4:25 of 2nd period - Slapshot by Jason Demers.
4:25 of 2nd period - Shot Blocked by Jason Spezza.
4:54 of 2nd period - Off-side.
4:55 of 2nd period - Mike Fisher wins face-off versus Jason Spezza in neutral zone.
6:09 of 2nd period - Penalty to Greg Stewart is over, Greg Stewart is back on ice.
6:22 of 2nd period - Slapshot by Sidney Crosby.
6:22 of 2nd period - Shot Misses the Net.
6:38 of 2nd period - Wrist shot by Joe Pavelski.
6:38 of 2nd period - Shot Blocked by Nate Prosser.
6:52 of 2nd period - Rene Bourque is hit by Cal Clutterbuck.
7:10 of 2nd period - Snap shot by Nikolai Zherdev.
7:10 of 2nd period - Shot Misses the Net.
7:12 of 2nd period - Slapshot by Cam Fowler.
7:12 of 2nd period - Shot Misses the Net.
7:14 of 2nd period - Slapshot by Cam Fowler.
7:14 of 2nd period - Deflect By Zack Hamill.
7:14 of 2nd period - Stopped by Jonathan Bernier without a rebound.
7:15 of 2nd period - Sidney Crosby wins face-off versus Henrik Sedin in Canadiens zone.
7:22 of 2nd period - Snap shot by Sidney Crosby.
7:22 of 2nd period - Stopped by Kevin Poulin without a rebound.
7:23 of 2nd period - Henrik Sedin wins face-off versus Sidney Crosby in Bruins zone.
7:26 of 2nd period - Snap shot by Sidney Crosby.
7:26 of 2nd period - Stopped by Kevin Poulin without a rebound.
7:27 of 2nd period - Henrik Sedin wins face-off versus Sidney Crosby in Bruins zone.
7:32 of 2nd period - Slapshot by Shane O'Brien.
7:32 of 2nd period - Deflect By Patrick Sharp.
7:32 of 2nd period - Stopped by Jonathan Bernier without a rebound.
7:33 of 2nd period - Wojtek Wolski wins face-off versus Sidney Crosby in Canadiens zone.
7:46 of 2nd period - Slapshot by Dennis Wideman.
7:46 of 2nd period - Stopped by Kevin Poulin without a rebound.
7:47 of 2nd period - Joe Pavelski wins face-off versus Mike Fisher in Bruins zone.
7:57 of 2nd period - Jason Demers is hit by Dennis Wideman and loses puck.
8:12 of 2nd period - Victor Oreskovich is hit by Luke Schenn and loses puck.
8:21 of 2nd period - Snap shot by Wojtek Wolski.
8:21 of 2nd period - Shot Blocked by Dennis Wideman.
8:33 of 2nd period - Slapshot by Luke Schenn.
8:33 of 2nd period - Stopped by Kevin Poulin without a rebound.
8:34 of 2nd period - Dustin Boyd wins face-off versus Dave Bolland in Bruins zone.
8:46 of 2nd period - Jason Demers is hit by Wes O'Neill and loses puck.
8:59 of 2nd period - Shane O'Brien is hit by Cal Clutterbuck and loses puck.
9:10 of 2nd period - Wrist shot by Cal Clutterbuck.
9:10 of 2nd period - Stopped by Kevin Poulin with a rebound.
9:19 of 2nd period - Major Penalty to Kris Chucko for Boarding.
9:20 of 2nd period - Wojtek Wolski wins face-off versus Sidney Crosby in Bruins zone.
9:20 of 2nd period - Wojtek Wolski is hit by Patrick Sharp.
9:35 of 2nd period - Wrist shot by Wojtek Wolski.
9:35 of 2nd period - Shot Misses the Net.
11:25 of 2nd period - Jason Demers is hit by David Jones.
12:21 of 2nd period - Cal Clutterbuck is hit by Nathan Horton and loses puck.
13:11 of 2nd period - Jason Demers is hit by David Jones and loses puck.
13:26 of 2nd period - Luke Schenn is hit by Jason Demers and loses puck.
14:07 of 2nd period - Minor Penalty to Wes O'Neill for Hooking.
14:08 of 2nd period - Sidney Crosby wins face-off versus Wojtek Wolski in Canadiens zone.
14:19 of 2nd period - Penalty to Kris Chucko is over, Kris Chucko is back on ice.
14:28 of 2nd period - Slapshot by Shane O'Brien.
14:28 of 2nd period - Stopped by Jonathan Bernier without a rebound.
14:29 of 2nd period - Mike Fisher wins face-off versus Jason Spezza in Canadiens zone.
14:34 of 2nd period - Wrist shot by Viktor Stalberg.
14:34 of 2nd period - Deflect By Mike Fisher.
14:34 of 2nd period - Stopped by Jonathan Bernier with a rebound.
14:38 of 2nd period - Wrist shot by Mike Fisher.
14:38 of 2nd period - Goal by Mike Fisher - Canadiens : 1 - Bruins : 3.
14:39 of 2nd period - Henrik Sedin wins face-off versus Sidney Crosby in neutral zone.
14:56 of 2nd period - Wrist shot by Sidney Crosby.
14:56 of 2nd period - Shot Misses the Net.
15:19 of 2nd period - Slapshot by Mike Fisher.
15:19 of 2nd period - Shot Misses the Net.
15:31 of 2nd period - Kris Chucko is hit by Ladislav Nagy and loses puck.
16:06 of 2nd period - Icing by Dustin Boyd.
16:07 of 2nd period - Dustin Boyd wins face-off versus Henrik Sedin in Canadiens zone.
16:14 of 2nd period - Slapshot by Dennis Wideman.
16:14 of 2nd period - Deflect By Evgeny Dadonov.
16:14 of 2nd period - Stopped by Kevin Poulin with a rebound.
16:20 of 2nd period - Slapshot by Nate Prosser.
16:20 of 2nd period - Shot Misses the Net.
16:22 of 2nd period - Slapshot by Cam Fowler.
16:22 of 2nd period - Stopped by Jonathan Bernier without a rebound.
16:23 of 2nd period - Mike Fisher wins face-off versus Jason Spezza in Canadiens zone.
17:01 of 2nd period - Sidney Crosby is hit by Wojtek Wolski and loses puck.
17:16 of 2nd period - Snap shot by Zack Hamill.
17:16 of 2nd period - Deflect By Nikolai Zherdev.
17:16 of 2nd period - Stopped by Jonathan Bernier with a rebound.
17:48 of 2nd period - Slapshot by Patrick Sharp.
17:48 of 2nd period - Shot Misses the Net.
17:50 of 2nd period - Snap shot by Dennis Wideman.
17:50 of 2nd period - Deflect By Evgeny Dadonov.
17:50 of 2nd period - Deflect By Zack Hamill.
17:50 of 2nd period - Stopped by Kevin Poulin with a rebound.
17:52 of 2nd period - Snap shot by Sidney Crosby.
17:52 of 2nd period - Goal by Sidney Crosby - Canadiens : 2 - Bruins : 3.
17:53 of 2nd period - Jason Spezza wins face-off versus Henrik Sedin in neutral zone.
17:53 of 2nd period - Minor Penalty to Karl Alzner for Hooking.
17:54 of 2nd period - Henrik Sedin wins face-off versus Jason Spezza in Canadiens zone.
18:27 of 2nd period - Snap shot by Nathan Horton.
18:27 of 2nd period - Shot Misses the Net.
18:29 of 2nd period - Wrist shot by Nathan Horton.
18:29 of 2nd period - Shot Misses the Net.
19:53 of 2nd period - Penalty to Karl Alzner is over, Karl Alzner is back on ice.
Goals for this period are 1 for Canadiens vs 1 for Bruins.
Shots for this period are 14 for Canadiens vs 8 for Bruins.
3rd period
0:01 of 3rd period - Henrik Sedin wins face-off versus Jason Spezza in neutral zone.
0:38 of 3rd period - Wrist shot by Sidney Crosby.
0:38 of 3rd period - Stopped by Kevin Poulin with a rebound.
0:40 of 3rd period - Wrist shot by Vitaly Vishnevsky.
0:40 of 3rd period - Stopped by Kevin Poulin without a rebound.
0:41 of 3rd period - Dustin Boyd wins face-off versus Dave Bolland in Bruins zone.
0:42 of 3rd period - Backhand shot by Brett Maclean.
0:42 of 3rd period - Shot Blocked by Andrew Alberts.
0:56 of 3rd period - Slapshot by Dave Bolland.
0:56 of 3rd period - Shot Misses the Net.
1:06 of 3rd period - Henrik Sedin is hit by Karl Alzner and loses puck.
1:54 of 3rd period - Snap shot by Nate Prosser.
1:54 of 3rd period - Shot Misses the Net.
2:38 of 3rd period - Slapshot by Victor Oreskovich.
2:38 of 3rd period - Stopped by Jonathan Bernier with a rebound.
3:02 of 3rd period - Viktor Stalberg is hit by Luke Schenn and loses puck.
3:15 of 3rd period - Snap shot by Brett Maclean.
3:15 of 3rd period - Stopped by Kevin Poulin with a rebound.
3:47 of 3rd period - Icing by Nathan Horton.
3:48 of 3rd period - Nathan Horton wins face-off versus Jason Spezza in Bruins zone.
4:13 of 3rd period - Kevin Bieksa is hit by Cal Clutterbuck and loses puck.
4:57 of 3rd period - Jason Demers is hit by Jason Spezza.
5:02 of 3rd period - Minor Penalty to Karl Alzner for Cross-checking.
5:03 of 3rd period - Henrik Sedin wins face-off versus Jason Spezza in Canadiens zone.
5:06 of 3rd period - Slapshot by Wojtek Wolski.
5:06 of 3rd period - Stopped by Jonathan Bernier without a rebound.
5:07 of 3rd period - Henrik Sedin wins face-off versus Jason Spezza in Canadiens zone.
5:08 of 3rd period - Slapshot by Victor Oreskovich.
5:08 of 3rd period - Shot Misses the Net.
5:10 of 3rd period - Slapshot by Jason Demers.
5:10 of 3rd period - Shot Blocked by Luke Schenn.
5:12 of 3rd period - Wrist shot by Henrik Sedin.
5:12 of 3rd period - Shot Misses the Net.
6:36 of 3rd period - Wes O'Neill is hit by Nikolai Zherdev and loses puck.
7:02 of 3rd period - Penalty to Karl Alzner is over, Karl Alzner is back on ice.
7:06 of 3rd period - Dennis Wideman is hit by Nick Foligno.
8:42 of 3rd period - Backhand shot by Jason Spezza.
8:42 of 3rd period - Shot Blocked by Kevin Bieksa.
9:01 of 3rd period - Henrik Sedin is hit by Evgeny Dadonov and loses puck.
9:14 of 3rd period - Cal Clutterbuck is hit by Cam Fowler.
9:37 of 3rd period - Nathan Horton is hit by Ladislav Nagy.
9:41 of 3rd period - Nathan Horton is hit by Ladislav Nagy and loses puck.
10:01 of 3rd period - Snap shot by Viktor Stalberg.
10:01 of 3rd period - Stopped by Jonathan Bernier without a rebound.
10:02 of 3rd period - Henrik Sedin wins face-off versus Jason Spezza in Canadiens zone.
10:12 of 3rd period - Minor Penalty to Wes O'Neill for Holding.
10:13 of 3rd period - Cal Clutterbuck wins face-off versus Henrik Sedin in Canadiens zone.
10:21 of 3rd period - Wrist shot by Shane O'Brien.
10:21 of 3rd period - Shot Blocked by Cal Clutterbuck.
12:12 of 3rd period - Penalty to Wes O'Neill is over, Wes O'Neill is back on ice.
12:37 of 3rd period - Nate Prosser is hit by Ladislav Nagy and loses puck.
12:42 of 3rd period - Snap shot by Ladislav Nagy.
12:42 of 3rd period - Shot Misses the Net.
12:44 of 3rd period - Wrist shot by David Jones.
12:44 of 3rd period - Stopped by Kevin Poulin with a rebound.
12:46 of 3rd period - Snap shot by Ladislav Nagy.
12:46 of 3rd period - Goal by Ladislav Nagy - Canadiens : 3 - Bruins : 3.
12:47 of 3rd period - Henrik Sedin wins face-off versus Sidney Crosby in neutral zone.
13:00 of 3rd period - Snap shot by Henrik Sedin.
13:00 of 3rd period - Shot Misses the Net.
13:02 of 3rd period - Wrist shot by Kevin Bieksa.
13:02 of 3rd period - Stopped by Jonathan Bernier with a rebound.
13:12 of 3rd period - Kevin Bieksa is hit by Jason Spezza and loses puck.
13:59 of 3rd period - Minor Penalty to Nikolai Zherdev for Hooking.
14:00 of 3rd period - Wojtek Wolski wins face-off versus Sidney Crosby in Bruins zone.
14:05 of 3rd period - Icing by Evgeny Dadonov.
14:06 of 3rd period - Sidney Crosby wins face-off versus Wojtek Wolski in Canadiens zone.
14:37 of 3rd period - Wrist shot by Patrick Sharp.
14:37 of 3rd period - Shot Blocked by Jason Demers.
14:39 of 3rd period - Snap shot by Evgeny Dadonov.
14:39 of 3rd period - Stopped by Kevin Poulin with a rebound.
14:41 of 3rd period - Snap shot by Patrick Sharp.
14:41 of 3rd period - Shot Misses the Net.
14:43 of 3rd period - Snap shot by Evgeny Dadonov.
14:43 of 3rd period - Deflect By Patrick Sharp.
14:43 of 3rd period - Goal by Patrick Sharp - Canadiens : 4 - Bruins : 3.
14:44 of 3rd period - Jason Spezza wins face-off versus Mike Fisher in neutral zone.
14:53 of 3rd period - Nathan Horton is hit by Greg Stewart and loses puck.
15:18 of 3rd period - Snap shot by Vitaly Vishnevsky.
15:18 of 3rd period - Stopped by Kevin Poulin without a rebound.
15:19 of 3rd period - Henrik Sedin wins face-off versus Sidney Crosby in Bruins zone.
15:53 of 3rd period - Wrist shot by Dustin Boyd.
15:53 of 3rd period - Shot Blocked by Andrew Alberts.
16:38 of 3rd period - Snap shot by Dennis Wideman.
16:38 of 3rd period - Shot Blocked by Nikolai Zherdev.
16:58 of 3rd period - Snap shot by Patrick Sharp.
16:58 of 3rd period - Stopped by Kevin Poulin with a rebound.
17:10 of 3rd period - Jason Demers is hit by Cal Clutterbuck and loses puck.
17:31 of 3rd period - Mike Fisher is hit by Jason Spezza and loses puck.
18:57 of 3rd period - Snap shot by Joe Pavelski.
18:57 of 3rd period - Stopped by Kevin Poulin with a rebound.
18:59 of 3rd period - Wrist shot by Greg Stewart.
18:59 of 3rd period - Stopped by Kevin Poulin without a rebound.
19:00 of 3rd period - Guy Boucher call a timeout for Bruins.
19:00 of 3rd period - Henrik Sedin wins face-off versus Sidney Crosby in Bruins zone.
19:00 of 3rd period - Henrik Sedin is hit by Sidney Crosby.
19:08 of 3rd period - Bruins, Kevin Poulin is pulled from the net.
19:08 of 3rd period - Snap shot by Henrik Sedin.
19:08 of 3rd period - Shot Misses the Net.
19:10 of 3rd period - Wrist shot by Shane O'Brien.
19:10 of 3rd period - Deflect By Henrik Sedin.
19:10 of 3rd period - Stopped by Jonathan Bernier with a rebound.
19:12 of 3rd period - Snap shot by Henrik Sedin.
19:12 of 3rd period - Shot Blocked by Joe Pavelski.
19:14 of 3rd period - Snap shot by Wojtek Wolski.
19:14 of 3rd period - Shot Misses the Net.
19:16 of 3rd period - Snap shot by Jason Demers.
19:16 of 3rd period - Stopped by Jonathan Bernier with a rebound.
19:18 of 3rd period - Snap shot by Wojtek Wolski.
19:18 of 3rd period - Stopped by Jonathan Bernier with a rebound.
19:28 of 3rd period - Wrist shot by Henrik Sedin.
19:28 of 3rd period - Stopped by Jonathan Bernier with a rebound.
19:30 of 3rd period - Snap shot by Henrik Sedin.
19:30 of 3rd period - Shot Misses the Net.
19:32 of 3rd period - Snap shot by Victor Oreskovich.
19:32 of 3rd period - Shot Hit the Post.
19:45 of 3rd period - Snap shot by Wojtek Wolski.
19:45 of 3rd period - Shot Misses the Net.
19:47 of 3rd period - Wrist shot by Henrik Sedin.
19:47 of 3rd period - Shot Blocked by Patrick Sharp.
19:49 of 3rd period - Snap shot by Henrik Sedin.
19:49 of 3rd period - Shot Misses the Net.
19:51 of 3rd period - Snap shot by Victor Oreskovich.
19:51 of 3rd period - Stopped by Jonathan Bernier without a rebound.
19:52 of 3rd period - Henrik Sedin wins face-off versus Sidney Crosby in Canadiens zone.
19:53 of 3rd period - Wrist shot by Wojtek Wolski.
19:53 of 3rd period - Shot Misses the Net.
Goals for this period are 2 for Canadiens vs 0 for Bruins.
Shots for this period are 11 for Canadiens vs 9 for Bruins.
Back to the Top